 Dungeon Crawl Stone Soup version 0.31.0-9-g3a7656b989 (webtiles) character file.

Game seed: 17711841279675167640

471 qw the Shooter (level 6, -2/32 HPs)
             Began as a Spriggan Hunter on Feb 2, 2024.
             Slain by a gnoll
             ... wielding a +0 spear
             ... led by a gnoll bouda
              (3 damage)
             ... on level 4 of the Dungeon.
             The game lasted 00:00:12 (2867 turns).

qw the Shooter (Spriggan Hunter)                    Turns: 2867, Time: 00:00:12

Health: -2/32      AC:  3    Str:  7    XL:     6   Next: 83%
Magic:  7/7        EV: 22    Int:  7    God:
Gold:   201        SH:  0    Dex: 23    Spells: 5/5 levels left

rFire   + . .        a - +2 shortbow
rCold   . . .        (shield currently unavailable)
rNeg    . . .        l - +1 robe of Jezismak {rF+ rCorr Int-3 Dex+2}
rPois   .            (helmet restricted)
rElec   .            (no cloak)
rCorr   +            (gloves unavailable)
SInv    +            (boots unavailable)
Will    +....        (no amulet)
Stlth   ++           (no ring)
HPRegen 0.25/turn    (no ring)
MPRegen 0.10/turn

%: no passive effects
@: very quick
A: very small, no large weapons, unfitting armour, see invisible, speed 3
a: no special abilities


You were on level 4 of the Dungeon.
You visited 1 branch of the dungeon, and saw 5 of its levels.

You collected 201 gold pieces.


Innate Abilities, Weirdness & Mutations

You are very small and have problems with some larger weapons.
You are too small for most types of armour.
You have supernaturally acute eyesight. (SInv)
You cover ground extremely quickly. (Speed+++)


   Skills:
 - Level 2.7 Fighting
 - Level 6.5 Ranged Weapons
 + Level 5.9 Dodging
 - Level 1.5 Stealth


You had 5 spell levels left.
You didn't know any spells.
Your spell library was empty.

Inventory:

Hand Weapons
 a - a +2 shortbow (weapon)
Armour
 l - the +1 robe of Jezismak (worn) {rF+ rCorr Int-3 Dex+2}
   (You found it on level 4 of the Dungeon)

   Int-3:     It affects your intelligence (-3).
   Dex+2:     It affects your dexterity (+2).
   rF+:       It protects you from fire.
   rCorr:     It protects you from acid and corrosion.
Jewellery
 j - a ring of ice
Wands
 n - a wand of flame (29)
Scrolls
 b - 3 scrolls of teleportation
Potions
 e - a potion of curing
 f - a potion of might {unknown}
 g - a potion of enlightenment {unknown}
 h - a potion of lignification {unknown}
 i - a potion of resistance {unknown}
 k - a potion of berserk rage {unknown}

Dungeon Overview and Level Annotations

Branches:
Dungeon (5/15)
 Temple: D:4-7

Altars:
Yredelemnul

Shops:
D:2 (   D:4 (


Message History

Enter note:
Enter note:
Enter note: You shoot an arrow.
The arrow closely misses the gnoll bouda.
You shoot an arrow.
The arrow hits the gnoll bouda but does no damage.
The gnoll bouda is almost dead.
The gnoll bouda utters an invocation to its god.
The gnoll bouda is healed somewhat.
You shoot an arrow. The arrow hits the gnoll bouda!
You kill the gnoll bouda!
You shoot an arrow. The gnoll shouts!
The arrow hits the gnoll.
The gnoll is moderately wounded.
You shoot an arrow. The arrow hits the gnoll.
The gnoll is severely wounded.
There is a stone staircase leading down, spattered with blood here.
You shoot an arrow. The arrow hits the gnoll!
You kill the gnoll!
You climb downwards.
The gnoll completely misses you.
There is a stone staircase leading up, spattered with blood here.
2861 ||| STAIRDANCE The gnoll barely misses you.
You climb upwards.
There is a stone staircase leading down, spattered with blood here.
You shoot an arrow. The arrow closely misses the gnoll.
The gnoll hits you with a +0 flail! The gnoll misses you.
You shoot an arrow. The arrow hits the gnoll!
The gnoll is severely wounded.
The gnoll completely misses you. x2
You shoot an arrow. The arrow hits the gnoll.
The gnoll is severely wounded.
The gnoll completely misses you. The gnoll hits you with a +0 spear!
You shoot an arrow. The arrow barely misses the gnoll.
The gnoll misses you. The gnoll barely misses you.
You shoot an arrow. The arrow closely misses the gnoll.
The gnoll hits you with a +0 flail! The gnoll hits you with a +0 spear.
You die...

##.......##.#...#
#....####..#...#
####.# ##.##...#
#.# #.......# #.#
#.)...###
#.###...:.#
#..##.....# ###
##..g.##### #.##
###@g.# #...
#.#############..<
#.[...).........#.
#.#.#######.###.#.
#.#.# #.# #...
#.#.# #.###...
#.#.# #.......
#.### ####.####..
#.# #..........


You could see 2 gnolls.

Vanquished Creatures
  Duvessa (D:4)
  A phantom (D:4)
  A scorpion (D:4)
  Dowan (D:4)
  A jelly (D:4)
  A gnoll bouda (D:4)
  2 gnolls
  2 adders
  A ribbon worm (D:4)
  2 dart slugs (D:2)
  10 orcs
  4 ball pythons
  3 bats
  11 endoplasms
  5 giant cockroaches
  4 goblins
  6 hobgoblins
  5 jackals (D:2)
  5 quokkas
  4 frilled lizards
  6 kobolds
  3 rats
79 creatures vanquished.

Notes
Turn   | Place    | Note
-------+----------+-------------------------------------------
     0 | D:1      | qw the Spriggan Hunter began the quest for the Orb.
     0 | D:1      | Reached XP level 1. HP: 10/10 MP: 2/2
     0 | D:1      | 0 ||| qw: Version: 0.3-a-155-g5e7d8dd
     0 | D:1      | 0 ||| qw: Game counter: 1158
     0 | D:1      | 0 ||| qw: Melee chars always use a shield: true
     0 | D:1      | 0 ||| qw: God list: Okawaru
     0 | D:1      | 0 ||| qw: Allow faded altars: false
     0 | D:1      | 0 ||| qw: Do Orc after clearing Dungeon:15 true
     0 | D:1      | 0 ||| qw: Do second Lair branch before Depths: true
     0 | D:1      | 0 ||| qw: Lair rune preference: random
     0 | D:1      | 0 ||| qw: Goals: Normal
     0 | D:1      | 0 ||| PLANNING D:1-11
    76 | D:1      | Reached skill level 3 in Dodging
   125 | D:1      | Reached XP level 2. HP: 14/14 MP: 3/3
   438 | D:1      | Reached XP level 3. HP: 18/18 MP: 4/4
   546 | D:1      | 546 ||| READING scroll labelled XEVEMM ASTRU.
   647 | D:1      | 647 ||| READING scroll labelled SYTHIA ZUUTZ.
   647 | D:1      | 647 ||| ENCHANTING +0 shortbow.
   648 | D:1      | 648 ||| READING scroll labelled BUODYC BUNAGH.
   653 | D:1      | 653 ||| READING scroll labelled CUG WUROIF.
   654 | D:1      | 654 ||| DROPPING scroll of butterflies.
   868 | D:2      | 868 ||| FLEEEEING.
  1026 | D:2      | Found Ninkivol's Antique Weapon Emporium.
  1043 | D:2      | Reached skill level 5 in Ranged Weapons
  1062 | D:2      | 1062 ||| READING scroll labelled VAOMUB MUNUIR.
  1422 | D:2      | Reached XP level 4. HP: 22/22 MP: 5/5
  1463 | D:2      | 1463 ||| READING scroll labelled NUEWNE QAEROBUF.
  1464 | D:2      | 1464 ||| READING scroll labelled XOACVOI OHEHI.
  1465 | D:2      | 1465 ||| DRINKING 2 dark potions.
  1466 | D:2      | 1466 ||| DROPPING potion of attraction.
  1556 | D:3      | Found a basalt altar of Yredelemnul.
  2029 | D:3      | 2029 ||| READING scroll labelled JITOCI XENUFUO.
  2029 | D:3      | 2029 ||| ENCHANTING +0 shortbow.
  2092 | D:4      | Noticed a phantom
  2101 | D:4      | Killed a phantom
  2102 | D:4      | Reached XP level 5. HP: 27/27 MP: 6/6
  2116 | D:4      | Identified the +1 robe of Jezismak {rF+ rCorr Int-3 Dex+2}
  2342 | D:4      | Reached XP level 6. HP: 15/32 MP: 7/7
  2422 | D:4      | Found Tohal's Weapon Boutique.
  2442 | D:4      | 2442 ||| READING scroll of enchant weapon.
  2442 | D:4      | 2442 ||| ENCHANTING +1 shortbow.
  2593 | D:4      | Noticed Duvessa
  2596 | D:4      | Noticed Dowan
  2604 | D:4      | Killed Duvessa
  2605 | D:4      | Reached skill level 6 in Ranged Weapons
  2612 | D:4      | 2612 ||| FLEEEEING.
  2613 | D:4      | 2613 ||| FLEEEEING.
  2614 | D:4      | 2614 ||| FLEEEEING.
  2615 | D:4      | 2615 ||| FLEEEEING.
  2617 | D:4      | 2617 ||| FLEEEEING.
  2622 | D:4      | Killed Dowan
  2679 | D:4      | 2679 ||| UPGRADING to +1 robe of Jezismak {rF+ rCorr Int-3
                  | Dex+2}.
  2689 | D:4      | 2689 ||| DROPPING +0 robe.
  2690 | D:4      | 2690 ||| READING 2 scrolls labelled ZOLALUSEMI.
  2690 | D:4      | 2690 ||| IDENTIFYING fuming golden potion
  2691 | D:4      | 2691 ||| READING scroll of identify.
  2691 | D:4      | 2691 ||| IDENTIFYING black potion
  2692 | D:4      | 2692 ||| DROPPING potion of ambrosia.
  2714 | D:5      | Entered Level 5 of the Dungeon
  2715 | D:5      | 2715 ||| STAIRDANCE
  2725 | D:4      | HP: 7/32 [gnoll/+0 spear[a gnoll bouda] (5)]
  2726 | D:4      | 2726 ||| READING 4 scrolls of teleportation.
  2861 | D:5      | 2861 ||| STAIRDANCE
  2867 | D:4      | HP: 1/32 [gnoll/+0 flail[a gnoll bouda] (11)]
  2867 | D:4      | Slain by a gnoll

Levels and vault maps discovered:
D:1:      ncdulo_halloftheorcs, layout_rooms
D:2:      layout_basic, serial_shops, nicolae_shop_tiny_statue_garden,
          grunt_ministairs_6
D:3:      layout_loops_ring, general_overflow_altar, minmay_gold_behind_fungi
D:4:      layout_basic, serial_shops, shop, uniq_duvessa
D:5:      layout_rooms, temple_fountains, uniq_grinder

Skill      XL: |  1  2  3  4  5  6 |
---------------+-------------------+-----
Dodging        | 4 5 |  5.9
Ranged Weapons | 5 6 |  6.5
Fighting       | 2 |  2.7
Stealth        | |  1.5

Action                     |  1- 3 |  4- 6 || total
---------------------------+-------+-------++-------
   Fire: Shortbow          |   118 |   142 ||   260
    Use: Scroll            |     5 |     7 ||    12
         Potion            |       |     1 ||     1
 Armour: Robe              |    11 |    24 ||    35
  Dodge: Dodged            |    40 |    99 ||   139

Table legend:
 A = Non-vault XP
 B = Vault XP
 C = Vault XP percentage of total XP
 D = Non-vault monster count
 E = Vault monster count
 F = Vault count percentage of total count
                 A         B        C        D         E       F
            +---------+---------+-------+---------+---------+-------
      Total |     462 |     212 |  31.5 |      75 |       4 |   5.1
            +---------+---------+-------+---------+---------+-------
        D:1 |      45 |       0 |   0.0 |      19 |       0 |   0.0
        D:2 |      50 |       4 |   7.4 |      23 |       2 |   8.0
        D:3 |      38 |       0 |   0.0 |      12 |       0 |   0.0
        D:4 |     329 |     208 |  38.7 |      21 |       2 |   8.7
            +---------+---------+-------+---------+---------+-------
